 Dungeon Crawl Stone Soup version 0.29.1-14-g9c671dbff4 (webtiles) character file.

Game seed: 16462765360192312011

16 KyoPewz the Vexing (level 2, -2/11 HPs)
             Began as a Felid Enchanter on Feb 17, 2023.
             Frozen to death by an endoplasm (3 damage)
             ... on level 2 of the Dungeon.
             The game lasted 00:02:08 (1169 turns).

KyoPewz the Vexing (Felid Enchanter)                Turns: 1169, Time: 00:02:11

Health: -2/11      AC:  1    Str:  4    XL:     2   Next: 37%
Magic:  4/6        EV: 17    Int: 16    God:
Gold:   103        SH:  0    Dex: 16    Spells: 3/5 levels left
                                        Lives:  0   Deaths: 0

rFire   . . .      SeeInvis +     - Unarmed
rCold   . . .      Faith    .   (shield unavailable)
rNeg    . . .      Spirit   .   (body armour unavailable)
rPois   .          Reflect  .   (helmet unavailable)
rElec   .          Harm     .   (cloak unavailable)
rCorr   .          Rampage  .   (gloves unavailable)
Will    .....                   (boots unavailable)
Stlth   +++.......              (no amulet)
HPRegen 0.03/turn               (no ring)
MPRegen 0.10/turn               (no ring)

@: quick
A: very small, claws 1, fangs 3, see invisible, speed 1, shaggy fur 1, stealthy
paws, no weapons or thrown items, no armour, multi-lived
a: no special abilities


You were on level 2 of the Dungeon.
You visited 1 branch of the dungeon, and saw 2 of its levels.

You collected 103 gold pieces.

Inventory:

Scrolls
 d - a scroll of butterflies
 e - a scroll of amnesia
 f - a scroll of immolation {unknown}
Potions
 a - 3 potions of invisibility
 c - 2 potions of curing


   Skills:
 - Level 2.6 Dodging
 + Level 4.3 Stealth
 * Level 1.9 Unarmed Combat
 - Level 2.0 Spellcasting
 - Level 4.4 Hexes
 + Level 0.6 Ice Magic


You had 3 spell levels left.
You knew the following spells:

 Your Spells              Type           Power      Damage    Failure   Level
a - Ensorcelled Hibernat  Hex/Ice        18%        N/A       11%         2

Your spell library contained the following spells:

 Spells                   Type           Power      Damage    Failure   Level
 Confusing Touch          Hex            15%        N/A       11%         3
 Tukima's Dance           Hex            15%        N/A       11%         3
 Shock                    Conj/Air       4%         1d3       21%         1
 Dazzling Flash           Conj/Hex       16%        N/A       26%         3
 Swiftness                Air            1%         N/A       52%         3
 Airstrike                Air            0%         2d(1-17)  90%         4


Dungeon Overview and Level Annotations

Branches:
Dungeon (2/15)

Altars:
Elyvilon


Innate Abilities, Weirdness & Mutations

You have sharp claws.
You have razor-sharp teeth.
You have supernaturally acute eyesight. (SInv)
You cover ground quickly. (Speed+)
You are covered in fur. (AC +1)
Your paws help you pounce on unaware monsters.
You are incapable of wielding weapons or throwing items.
You cannot wear armour.
You gain extra lives every three experience levels.


Message History

There is a stone staircase leading up here.
Found an escape hatch in the floor.
f - a scroll labelled TUOTESM WICOEH You now have 103 gold pieces (gained 16).
Found a white marble altar of Elyvilon.
Okay, then.
Okay, then.
There is a stone staircase leading up here.
There is a stone staircase leading up here.
As you read the scroll labelled ABIFOEVVUGOIFF, it crumbles to dust.
It is a scroll of identify.
c - 2 potions of curing
As you read the scroll of identify, it crumbles to dust.
d - a scroll of butterflies
As you read the scroll of identify, it crumbles to dust.
e - a scroll of amnesia
Found an escape hatch in the ceiling.
Found a scroll labelled ANLOET KE GYRADWU.
Found a stone staircase leading up.
An endoplasm comes into view.
Found a stone staircase leading down.
The endoplasm quivers.
The endoplasm freezes you.
You are frozen.
There is a stone staircase leading up here.
You scratch the endoplasm.
The endoplasm is severely wounded.
The endoplasm freezes you.
You are frozen.
* * * LOW HITPOINT WARNING * * *
Unknown command.
Casting: Ensorcelled Hibernation (safe; 11% risk of failure)
Confirm with . or Enter, or press ? or * to list all spells.
Aiming: Ensorcelled Hibernation (safe; 11% risk of failure)
Press: ? - help, Shift-Dir - straight line, f - endoplasm
Aim: an endoplasm (severely wounded, chance to affect: 61%)
The endoplasm resists with significant effort.
The endoplasm freezes you.
You are frozen.
You die...

#. #.## ##...#
.. #.# ###.# .
..# #.# . ....
#.# ..###
#######.####.8.
..#
.....>..<.....8
..#
#######.###..8.
.. #.^.# .8
#@?.# #J..#
#.....# #...###
#.... #...#.
#...#.. ....#
..


You could see an endoplasm.

Vanquished Creatures
  3 bats (D:1)
  2 endoplasms (D:1)
  2 giant cockroaches (D:1)
  2 quokkas (D:1)
  A ball python (D:1)
  A frilled lizard (D:1)
  A kobold (D:1)
  3 rats (D:1)
15 creatures vanquished.

Notes
Turn   | Place    | Note
-------+----------+-------------------------------------------
     0 | D:1      | KyoPewz the Felid Enchanter began the quest for the Orb.
     0 | D:1      | Reached XP level 1. HP: 7/7 MP: 4/4
   212 | D:1      | Reached XP level 2. HP: 5/11 MP: 6/6
   215 | D:1      | Learned a level 2 spell: Ensorcelled Hibernation
  1137 | D:2      | Found a white marble altar of Elyvilon.
  1169 | D:2      | Frozen to death by an endoplasm

Illustrated notes

Levels and vault maps discovered:
D:1:      evilmike_arrival_fibonacci_small, layout_basic
D:2:      layout_rooms, basic_altar, chequers_ecumenical_altar_simple_redux

Action                   || total
-------------------------++-------
Melee: Unarmed           ||    31
       Bite              ||     1
 Cast: Ensorcelled Hiber ||     1
  Use: Scroll            ||     3
 Stab: Sleeping          ||    10
Armor: Skin              ||     1
Dodge: Dodged            ||    12
